 Dungeon Crawl Stone Soup version 0.28-a0-1389-gc726bef33b (webtiles) character file.

Game seed: 15877216396402229332

6913 MadMonk the Grappler (level 10, -5/92 (98) HPs)
             Began as a Troll Berserker on Jan 3, 2022.
             Was a Believer of Trog.
             Slain by an orc warrior (16 damage)
             ... on level 8 of the Dungeon on Jan 4, 2022.
             The game lasted 01:02:19 (7158 turns).

MadMonk the Grappler (Troll Berserker)              Turns: 7158, Time: 01:02:19

HP:   -5/92 (98)    AC:  4    Str: 31    XL:     10   Next: 79%
MP:   9/9           EV: 11    Int:  0    God:    Trog [**....]
Gold: 386           SH:  0    Dex:  9    Spells: 9/9 levels left

rFire   + . .      SeeInvis .   H - +8 halberd of Kapnux {venom, rC+ Will+}
rCold   . . .      Faith    .   (shield currently unavailable)
rNeg    . . .      Spirit   .   a - +0 animal skin
rPois   +          Reflect  .   (helmet restricted)
rElec   .          Harm     .   (no cloak)
rCorr   .          Rampage  .   (gloves unavailable)
Will    +++..      Rage     50% (boots unavailable)
Stlth   +.........              J - necklace of Bloodlust {*Rage Will++ Int-3 Slay+6}
HPRegen 1.05/turn               B - ring of fire
MPRegen 0.11/turn               K - ring of poison resistance

@: on berserk cooldown, slowed, lost intelligence, drained, invisible, unable to
read, very slow
A: large, unfitting armour, claws 3, regeneration 1, shaggy fur 1, tough skin 1
a: Renounce Religion, Berserk, Trog's Hand


You were on level 8 of the Dungeon.
You worshipped Trog.
Trog was pleased with you.
You visited 1 branch of the dungeon, and saw 8 of its levels.
You also visited: Ossuary.

You collected 386 gold pieces.

Inventory:

Hand Weapons
 q - a +3 vorpal mace
 H - the +8 halberd of Kapnux (weapon) {venom, rC+ Will+}
   (You found it on level 7 of the Dungeon)

   It poisons the flesh of those it strikes.
   rC:        It protects you from cold.
   Will:      It increases your willpower.
 O - the +5 hunting sling of Impermanence {vorpal, Will+ Str+2 Dex+3}
   (You found it on level 8 of the Dungeon)

   Any ammunition fired from it inflicts extra damage upon your enemies.
   Str:       It affects your strength (+2).
   Dex:       It affects your dexterity (+3).
   Will:      It increases your willpower.
Missiles
 d - 170 stones (quivered)
 h - 67 sling bullets
 i - 56 poisoned darts
 l - 2 atropa-tipped darts
 z - 5 large rocks
 I - 2 throwing nets
Armour
 a - a +0 animal skin (worn)
Jewellery
 o - an amulet of faith
 B - a ring of fire (left claw)
 J - the necklace of Bloodlust (around neck) {*Rage Will++ Int-3 Slay+6}
   (You found it on level 7 of the Dungeon)

   [amulet of nothing]

   It extends the wearer's berserk rage when killing foes.
   Int:       It affects your intelligence (-3).
   Slay:      It affects your accuracy & damage with ranged weapons and melee
   (+6).
   *Rage:     It berserks you when you make melee attacks (+50% chance).
   Will:      It greatly increases your willpower.
 K - a ring of poison resistance (right claw)
Wands
 t - a wand of iceblast (5)
 w - a wand of mindburst (1)
 A - a wand of flame (45)
 E - a wand of acid (9)
 N - a wand of polymorph (6)
Scrolls
 b - 2 scrolls of identify
 c - a scroll of acquirement {unknown}
 e - a scroll of fear {unknown}
 f - 2 scrolls of magic mapping {unknown}
 j - 2 scrolls of immolation {unknown}
 k - 5 scrolls of vulnerability
 m - a scroll of torment {unknown}
 r - 8 scrolls of teleportation
 s - 3 scrolls of fog
 y - 2 scrolls of amnesia {unknown}
 D - a scroll of noise {unknown}
 G - a scroll of silence {unknown}
Potions
 g - 2 potions of mutation
 n - 2 potions of curing
 p - 2 potions of lignification
 u - 3 potions of degeneration
 v - a potion of berserk rage {unknown}
 x - 2 potions of haste
 C - a potion of heal wounds {unknown}
 F - 2 potions of invisibility
 L - a potion of resistance
 M - a potion of brilliance {unknown}


   Skills:
 + Level 5.7 Fighting
 * Level 3.3 Polearms
 - Level 2.4 Throwing
 + Level 7.3 Dodging
 - Level 12.4 Unarmed Combat


You had 9 spell levels left.
You didn't know any spells.
Your spell library was empty.

Dungeon Overview and Level Annotations

Branches:
Dungeon (8/15)             Temple (0/1) D:4         Ossuary (visited)
   Lair: D:8-11

Altars:
Nemelex Xobeh
Yredelemnul

Shops:
D:3 (


Innate Abilities, Weirdness & Mutations

You are too large for most types of armour.
You have claws for hands.
Your natural rate of healing is unusually fast.
You are covered in fur. (AC +1)
You have tough skin. (AC +1)


Message History

The gnoll sergeant hits you with a +0 trident!
You barely miss the gnoll sergeant.
The gnoll sergeant is almost dead.
You are no longer berserk.
You are exhausted.
You feel yourself slow down.
The gnoll sergeant hits you with a +0 trident.
You closely miss the gnoll sergeant.
The gnoll sergeant is almost dead.
You kill the gnoll sergeant!
Trog accepts your kill. The howler monkey hits you.
The howler monkey closely misses you.
You barely miss the howler monkey.
The howler monkey hoots and howls with incredible vigour!
The howler monkey closely misses you.
You hear a roar!
You hear a loud, deep croak!
You slice the howler monkey!!
You kill the howler monkey!
Trog accepts your kill. The orc warrior barely misses you.
You barely miss the orc warrior.
The orc warrior hits you with a +0 scimitar!
The orc warrior barely misses you.
You hit the orc warrior.
The orc warrior is poisoned.
The orc warrior is lightly wounded.
The orc warrior hits you with a +0 scimitar! x2
* * * LOW HITPOINT WARNING * * *
You slash the orc warrior!
The orc warrior looks as sick as possible!
The orc warrior is heavily wounded.
The orc warrior closely misses you.
The orc warrior hits you with a +0 scimitar!
* * * LOW HITPOINT WARNING * * *
You feel better.
The orc warrior hits you with a +0 scimitar!
* * * LOW HITPOINT WARNING * * *
You fade into invisibility!
The orc warrior barely misses you.
The orc warrior hits you with a +0 scimitar!
You die...

## ## #### ###
# ##### ##
#$##.##.#### #.
#....o@..'.# #.
#)##.##.##.# #.
# ####.# #.
##.###########.
##.............
######.........
### #.#######.
### ##.# #. ###
#..# #.


You could see an orc warrior (very poisoned).

Vanquished Creatures
  The ghost of DEFE the Thaumaturge, a novice DECA of Ignis (D:5)
  A deep elf pyromancer (D:7)
  2 gargoyles
  A slime creature (D:7)
  A hornet (D:7)
  2 wyverns (D:7)
  Eustachio (D:5)
  A yak (D:8)
  A vampire mosquito (D:7)
  2 water moccasins (D:7)
  6 ice beasts
  An orc warrior (D:7)
  A sky beast (D:7)
  2 black bears
  2 ogres (D:5)
  6 necrophages
  2 centaurs
  A phantom (D:3)
  A kobold brigand (D:7)
  An elf zombie (Ossuary)
  A gnoll sergeant (D:8)
  A scorpion (D:6)
  A wyvern zombie (D:7)
  7 wights (D:7)
  A howler monkey (D:8)
  3 centaur zombies
  4 bullfrog zombies
  5 human zombies
  2 jellies
  4 orc priests
  5 bullfrog skeletons
  A centaur skeleton (D:7)
  4 hounds
  Ijyb (D:5)
  Crazy Yiuf (D:5)
  4 iguanas
  4 orc wizards
  2 killer bee zombies
  3 hound zombies (Ossuary)
  3 mummies (Ossuary)
  7 gnolls
  8 adders
  A shadow imp (D:6)
  2 ufetubi
  An adder skeleton (D:5)
  3 adder zombies (Ossuary)
  2 worms (D:3)
  2 dart slugs (D:3)
  18 orcs
  7 ball pythons
  8 endoplasms
  4 giant cockroaches
  2 gnoll zombies (Ossuary)
  3 goblins
  5 hobgoblins
  2 jackals (D:1)
  4 quokkas
  3 bats (D:1)
  4 frilled lizards (D:1)
  3 goblin zombies (Ossuary)
  4 hobgoblin zombies (Ossuary)
  3 jackal zombies (Ossuary)
  2 kobolds
  4 kobold zombies (Ossuary)
  3 quokka zombies (Ossuary)
  4 rats
  4 rat zombies (Ossuary)
206 creatures vanquished.

Vanquished Creatures (collateral kills)
  A shadow (D:7)
  A vampire mosquito (D:7)
  A sky beast (D:7)
  A wight (D:7)
4 creatures vanquished.

Vanquished Creatures (others)
  4 plants (D:6)
4 creatures vanquished.

Grand Total: 214 creatures vanquished

Notes
Turn   | Place    | Note
-------+----------+-------------------------------------------
     0 | D:1      | MadMonk the Troll Berserker began the quest for the Orb.
     0 | D:1      | Reached XP level 1. HP: 22/22 MP: 0/0
    70 | D:1      | Reached XP level 2. HP: 29/29 MP: 1/1
   942 | D:2      | Reached XP level 3. HP: 36/36 MP: 2/2
  1097 | D:2      | Found a sparkling altar of Nemelex Xobeh.
  1222 | D:3      | Reached ** piety under Trog
  1266 | D:3      | Noticed a phantom
  1270 | D:3      | Killed a phantom
  1271 | D:3      | Reached skill level 4 in Unarmed Combat
  1271 | D:3      | Reached XP level 4. HP: 40/45 MP: 3/3
  1412 | D:3      | Reached XP level 5. HP: 53/53 MP: 4/4
  1678 | D:3      | Found Utam's Antique Weapon Emporium.
  1831 | D:4      | Reached skill level 5 in Unarmed Combat
  2096 | D:4      | Reached XP level 6. HP: 61/61 MP: 5/5
  2200 | D:4      | Found a staircase to the Ecumenical Temple.
  2242 | D:4      | Reached skill level 1 in Throwing
  2242 | D:4      | Reached skill level 6 in Unarmed Combat
  2638 | D:5      | Entered Level 5 of the Dungeon
  2754 | D:5      | Reached XP level 7. HP: 41/67 MP: 6/6
  2814 | D:5      | Found a runed translucent door.
  2819 | D:5      | Noticed DEFE's ghost (novice DECA)
  2830 | D:5      | Killed DEFE's ghost
  2831 | D:5      | Reached skill level 7 in Unarmed Combat
  2863 | D:5      | Noticed Eustachio
  2903 | D:5      | Killed Eustachio
  2904 | D:5      | Reached skill level 8 in Unarmed Combat
  2904 | D:5      | Reached XP level 8. HP: 78/78 MP: 7/7
  3094 | D:5      | Found a sand-covered staircase.
  3110 | Ossuary  | Entered an ossuary
  3149 | Ossuary  | Reached *** piety under Trog
  3150 | Ossuary  | Reached skill level 9 in Unarmed Combat
  3668 | D:5      | Noticed Ijyb
  3677 | D:5      | Killed Ijyb
  3769 | D:5      | Reached **** piety under Trog
  3770 | D:5      | Reached skill level 10 in Unarmed Combat
  3828 | D:5      | Found a runed translucent door.
  3829 | D:5      | Noticed Crazy Yiuf
  3835 | D:5      | Killed Crazy Yiuf
  3890 | D:5      | Reached XP level 9. HP: 84/84 MP: 8/8
  4261 | D:6      | Reached skill level 5 in Dodging
  4697 | D:6      | Noticed a gargoyle
  4710 | D:6      | Killed a gargoyle
  4711 | D:6      | Reached skill level 11 in Unarmed Combat
  5490 | D:7      | Paralysed by a hornet for 3 turns
  5503 | D:7      | Reached XP level 10. HP: 10/93 MP: 9/9
  5503 | D:7      | HP: 5/139 [sky beast (5)]
  5505 | D:7      | Reached skill level 5 in Fighting
  5977 | D:7      | Reached skill level 12 in Unarmed Combat
  6016 | D:7      | Found the necklace of Bloodlust {*Rage Will++ Int-3 Slay+6}
  6017 | D:7      | Noticed a deep elf pyromancer
  6017 | D:7      | Noticed a gargoyle
  6045 | D:7      | Killed a gargoyle
  6052 | D:7      | Killed a deep elf pyromancer
  6055 | D:7      | Identified the +12 plate armour "Icuem" {rElec Str+2}
  6067 | D:7      | Identified the +2 morningstar of Gozag's Inspiration {pain,
                  | rElec Str+3 Int-2}
  6068 | D:7      | Identified the +8 halberd of Kapnux {venom, rC+ Will+}
  6471 | D:7      | Reached skill level 1 in Polearms
  6534 | D:7      | Found a basalt altar of Yredelemnul.
  7056 | D:8      | Identified the +5 hunting sling of Impermanence {vorpal,
                  | Will+ Str+2 Dex+3}
  7070 | D:8      | Lost intelligence.
  7158 | D:8      | Slain by an orc warrior

Illustrated notes

Levels and vault maps discovered:
D:1:      scummos_arrival_star, layout_loops_ring
D:2:      layout_rooms, basic_altar
D:3:      layout_rooms, serial_shops, shop, palyth_stone_intersect
D:4:      layout_rooms, minmay_temple_entry_enclosed_plants, serial_rivers,
          chequers_serial_rivers_marsh, chequers_serial_rivers_small_b,
          chequers_serial_rivers_large_a, chequers_serial_rivers_micro_a,
          chequers_serial_rivers_room_b
D:5:      layout_basic, chequers_ossuary_entry_cave,
          ebering_ghost_reflecting_pool, minivault_4,
          nicolae_elevator_lobby_plus, uniq_eustachio, uniq_crazy_yiuf_cottage,
          uniq_ijyb
D:6:      cheibrodos_two_vegetables, layout_loops_ring, minmay_misc_feat_pillars
D:7:      minmay_the_grid_triangle_9x9_rhombus_thin
          [minmay_the_grid_triangle_9x9_stretched_checkered,
          minmay_the_grid_triangle_9x9_prize_insulated,
          minmay_the_grid_triangle_9x9_thin_v,
          minmay_the_grid_triangle_9x9_skeleton], layout_loops_corners,
          lemuel_mausoleum_altar_yredelemnul
D:8:      hangedman_cross_veins, layout_rooms

Skill      XL: |  1  2  3  4  5  6  7  8  9 10 |
---------------+-------------------------------+-----
Fighting       | 3 4 5 |  5.7
Dodging        | 3 4 6 7 |  7.3
Unarmed Combat | 4 5 6 8 10 11 12 | 12.4
Throwing       | 1 2 |  2.4
Polearms       | 3 |  3.3

Action                   |  1- 3 |  4- 6 |  7- 9 | 10-12 || total
-------------------------+-------+-------+-------+-------++-------
Melee: Unarmed           |    57 |    93 |   268 |    63 ||   481
       Punch             |       |     2 |    10 |     5 ||    17
       Halberd           |       |       |       |    72 ||    72
Throw: Stone             |       |    41 |    20 |     4 ||    65
Invok: Berserk           |     4 |     5 |     8 |     2 ||    19
       Trog's Hand       |       |       |     2 |       ||     2
       Brothers in Arms  |       |       |     1 |     1 ||     2
  Use: Scroll            |     1 |     2 |     2 |     4 ||     9
       Potion            |       |       |       |     3 ||     3
 Stab: Sleeping          |     1 |       |       |       ||     1
Armor: Animal skin       |    11 |    20 |    41 |    16 ||    88
Dodge: Dodged            |    21 |    32 |    97 |    78 ||   228

Table legend: (Time is in decaauts)
 A = Elapsed time spent in this place.
 B = Non-inter-level travel time spent in this place.
 C = Inter-level travel time spent in this place.
 D = Time resting spent in this place.
 E = Time spent auto-exploring this place.
 F = Levels seen in this place.
 G = Mean time per level.
                   A        B        C        D        E       F      G
               +--------+--------+--------+--------+--------+-----+--------+
         Total |   7404 |   6991 |    413 |      0 |   3907 |   9 |  822.7 |
       Dungeon |   7118 |   6705 |    413 |      0 |   3856 |   8 |  889.8 |
       Ossuary |    286 |    286 |      0 |      0 |     51 |   1 |  286.0 |
               +--------+--------+--------+--------+--------+-----+--------+

Top non-repeatable levels by time:
     D:7: 1625 daAuts
     D:6: 1241 daAuts
     D:5: 1204 daAuts
     D:4: 1006 daAuts
     D:1: 721 daAuts
     D:3: 629 daAuts
     D:2: 486 daAuts
 Ossuary: 286 daAuts
     D:8: 204 daAuts
